 Dungeon Crawl Stone Soup version 0.28.0 (webtiles) character file.

Game seed: 10694683199529074614

42 Ajdolov the Slasher (level 3, -1/29 HPs)
             Began as a Formicid Abyssal Knight on Feb 15, 2022.
             Was a Follower of Lugonu.
             Killed by nerve-wracking pain
             ... invoked by an orc priest
              (10 damage)
             ... on level 2 of the Dungeon.
             The game lasted 00:02:10 (1319 turns).

Ajdolov the Slasher (Formicid Abyssal Knight)       Turns: 1319, Time: 00:02:11

Health: -1/29      AC:  7    Str: 19    XL:     3   Next: 80%
Magic:  5/5        EV: 11    Int:  9    God:    Lugonu [*.....]
Gold:   59         SH:  0    Dex: 11    Spells: 2/2 levels left

rFire   . . .      SeeInvis +   a - +1 falchion
rCold   . . .      Faith    .   (no shield)
rNeg    . . .      Spirit   .   c - +3 leather armour
rPois   .          Reflect  .   (helmet unavailable)
rElec   .          Harm     .   (no cloak)
rCorr   .          Rampage  .   (no gloves)
Will    .....                   g - +0 pair of boots
Stlth   +.........              (no amulet)
HPRegen 0.09/turn               (no ring)
MPRegen 0.09/turn               (no ring)

@: no status effects
A: permanent stasis, dig shafts and tunnels, antennae 3, four strong arms
a: Dig, Shaft Self, Renounce Religion, Depart the Abyss


You were on level 2 of the Dungeon.
You worshipped Lugonu.
Lugonu was aware of your devotion.
You visited 1 branch of the dungeon, and saw 2 of its levels.
You visited the Abyss 1 time.

You collected 59 gold pieces.

Inventory:

Hand Weapons
 a - a +1 falchion (weapon)
Missiles
 b - 5 poisoned darts (quivered)
Armour
 c - a +3 leather armour (worn)
 g - a +0 pair of boots (worn)
Scrolls
 d - a scroll of amnesia {unknown}
 e - a scroll of identify {unknown}
 f - a scroll of blinking {unknown}


   Skills:
 - Level 3.2 Fighting
 * Level 3.3 Long Blades
 - Level 2.1 Armour
 - Level 0.8 Dodging
 + Level 3.1 Invocations


You had 2 spell levels left.
You didn't know any spells.
Your spell library was empty.

Dungeon Overview and Level Annotations

Branches:
Dungeon (2/15)

Altars:

Annotations:
D:2 Terence


Innate Abilities, Weirdness & Mutations

You cannot be hasted, slowed, berserked, paralysed or teleported.
You can dig through walls and to a lower floor.
You have a pair of large antennae on your head. (SInv)
Your four strong arms can wield two-handed weapons with a shield.


Message History

The frilled lizard closely misses you. Terence hits you with a +0 hand axe.
You hit the frilled lizard.
You kill the frilled lizard!
Lugonu accepts your kill.
You hit Terence.
Terence is lightly wounded.
Terence hits you with a +0 hand axe. Terence says, "How do you enjoy it?"
Terence closely misses you.
You completely miss Terence.
Terence is lightly wounded.
Terence hits you with a +0 hand axe.
You hit Terence.
Terence is moderately wounded.
Terence hits you with a +0 hand axe!
You closely miss Terence.
Terence is moderately wounded.
Terence barely misses you.
You hit Terence.
Terence is moderately wounded.
Terence hits you but does no damage.
You aren't carrying any items that you can evoke.
There is an escape hatch in the ceiling here.
Terence hits you with a +0 hand axe.
You see here 24 stones.
Terence shouts, "Now you die!"
Terence says, "Time to say good-bye..."
Found 22 stones.
Terence hits you but does no damage.
An endoplasm comes into view.
Found a stone staircase leading up.
There is a stone staircase leading down here.
Terence hits you with a +0 hand axe.
Found 16 gold pieces.
Terence shouts, "Get ready for death!" 2 orcs and an orc priest come into view.
The orc shouts! x2; The orc priest shouts!
You hear a shout!
The orc priest invokes the aid of Beogh against you.
Pain shoots through your body!
You die...

..#####.....# #.. ###
#...#........ {
#...####..... ##
###...## #.#
.####......# #.#
...##.#....# #.#
.#.#.......### #.# #
.....>.......# #.##$##.#
........##.#.###@.......
.......)......@..#######
.#...........###.#
.[.......#.### #.#
.###..)....# #.# #
#####.### #o#
######.#### #o.
###.#.......# ##o
...#........# .


You could see Terence, an orc priest and 2 orcs.

Vanquished Creatures
  An adder (D:2)
  A worm (D:2)
  3 ball pythons (D:1)
  2 bats (D:1)
  4 endoplasms (D:1)
  A giant cockroach (D:1)
  3 goblins
  3 hobgoblins
  4 jackals (D:1)
  A quokka (D:1)
  A frilled lizard (D:2)
  2 kobolds (D:2)
  A rat (D:1)
27 creatures vanquished.

Notes
Turn   | Place    | Note
-------+----------+-------------------------------------------
     0 | Abyss:1  | Ajdolov the Formicid Abyssal Knight began the quest for the
                  | Orb.
     0 | Abyss:1  | Reached XP level 1. HP: 18/18 MP: 2/2
    66 | Abyss:1  | Noticed a quasit
    67 | Abyss:1  | Noticed an ancient zyme
    76 | Abyss:1  | Noticed a spatial vortex
    77 | D:1      | Escaped the Abyss
   222 | D:1      | Reached XP level 2. HP: 15/24 MP: 3/3
   405 | D:1      | Reached * piety under Lugonu
   717 | D:1      | Reached XP level 3. HP: 23/29 MP: 5/5
   801 | D:1      | Found a faded altar of an unknown god.
  1249 | D:2      | Noticed Terence
  1319 | D:2      | Killed from afar by an orc priest

Illustrated notes

Levels and vault maps discovered:
D:1:      minmay_arrival_four_houses, layout_loops_cross,
          hellmonk_ecumenical_altar_inner_sanctum
D:2:      layout_loops_cross, ebering_dispersal_statue_hall, uniq_terence

Skill      XL: |  1  2  3 |
---------------+----------+-----
Long Blades    | 3 |  3.3
Invocations    | 3 |  3.1
Fighting       | |  3.2
Armour         | |  2.1
Dodging        | |  0.8

Action                   || total
-------------------------++-------
Melee: Falchion          ||    71
Invok: Depart the Abyss  ||     1
 Stab: Sleeping          ||     1
Armor: Leather armour    ||    25
Dodge: Dodged            ||    39
